Map: Acolyte LE

Players

CarEdu - Winner!

  • Race: Protoss Protoss
  • League: Silver
  • Spawn Location: 7:00

Winthrowe

  • Race: Terran Terran
  • League: Silver
  • Spawn Location: 1:00

VOD

Have the link to the VOD?

Description

Time

  • Played on: Aug. 31, 2017, 8:46 p.m.
  • Length: 7:46
Show
View Real Time Build Order
Export as new Build Order

CarEdu Protoss - Winner!

Build Orders:  

Get SALT Encoding   

  12  0:11  Pylon  
  12  0:22  Probe (Chrono Boost)  
  13  0:32  Gateway  
  13  0:34  Probe (Chrono Boost)  
  14  0:39  Assimilator  
  14  0:44  Probe (Chrono Boost)  
  15  0:50  Assimilator  
  15  0:55  Probe (Chrono Boost)  
  16  1:05  Probe (Chrono Boost)  
  16  1:10  Pylon  
  17  1:16  Probe (Chrono Boost)  
  18  1:28  Cybernetics Core  
  18  1:31  Probe (Chrono Boost)  
  19  1:42  Probe (Chrono Boost)  
  20  1:52  Probe (Chrono Boost)  
  21  2:03  Probe (Chrono Boost)  
  21  2:07  Stalker  
  24  2:14  Mothership Core (Chrono Boost)  
  26  2:19  Pylon  
  26  2:28  Pylon  
  26  2:42  Pylon  
  26  2:49  Stargate  
  26  2:51  Stargate  
  26  3:01  Forge  
  26  3:03  Probe (Chrono Boost)  
  27  3:36  Void Ray (Chrono Boost)  
  27  3:37  Void Ray (Chrono Boost)  
  35  3:52  Photon Cannon  
  35  4:22  Photon Cannon  
  35  4:23  Void Ray (Chrono Boost)  
  39  5:01  Void Ray (Chrono Boost)  
  39  5:05  Void Ray (Chrono Boost)  
  47  5:10  Pylon  
  47  5:20  Photon Cannon  
  47  5:39  Void Ray (Chrono Boost)  
  51  5:47  Photon Cannon  
  51  6:16  Void Ray (Chrono Boost)  
  55  6:45  Void Ray (Chrono Boost)  
  51  7:06  Void Ray (Chrono Boost)  
Show
View Real Time Build Order
Export as new Build Order

Winthrowe Terran 

Build Orders:  

Get SALT Encoding   

  12  0:01  SCV  
  13  0:13  SCV  
  14  0:19  Supply Depot  
  14  0:25  SCV  
  15  0:40  SCV  
  15  0:41  Barracks  
  16  0:51  Refinery  
  16  0:53  SCV  
  17  1:05  SCV  
  18  1:17  SCV  
  19  1:30  SCV  
  20  1:35  Marine, Command Center  
  21  1:57  Barracks Reactor  
  21  2:09  SCV  
  22  2:21  SCV  
  23  2:39  Factory  
  23  2:47  Orbital Command  
  23  2:55  Supply Depot  
  23  2:57  Supply Depot  
  23  3:12  Engineering Bay  
  23  3:20  Supply Depot  
  23  3:22  Refinery  
  23  3:23  SCV  
  24  3:32  Marine x2  
  24  3:33  Command Center  
  26  3:35  SCV  
  27  3:42  Factory Tech Lab  
  27  3:50  Marine x2  
  27  3:51  Engineering Bay  
  29  3:57  SCV  
  30  4:08  SCV  
  30  4:09  SCV  
  32  4:20  SCV  
  32  4:21  SCV  
  34  4:25  Marine x2  
  36  4:32  SCV  
  36  4:33  SCV  
  38  4:43  Marine, Factory Tech Lab, Barracks  
  38  4:45  SCV  
  40  5:01  Starport  
  40  5:03  Marine  
  40  5:04  Marine  
  42  5:07  Siege Tank  
  45  5:21  Marine  
  45  5:22  Marine  
  47  5:36  Marine  
  47  5:38  Barracks  
  47  5:39  Marine  
  47  5:40  Medivac  
  51  5:47  Terran Infantry Weapons Level 1  
  51  6:00  Marine x3  
  54  6:10  Medivac  
  53  6:17  Marine  
  53  6:18  Marine x2  
  30  6:35  Marine  
  30  6:36  Marine x2  
  33  6:42  Missile Turret  
  32  6:47  Missile Turret  
  32  6:53  Marine  
  30  7:02  Missile Turret  
  23  7:29  SCV x2  
Tags
 
Add a new tag
Caveats
  • Supply blocks, unpowered buildings, or Contaminate may cause inaccurate times.
  • Supply counts are checked every 10 seconds.